 Dungeon Crawl Stone Soup version 0.29.0-7-g18a832c13a (webtiles) character file.

Game seed: 634681698071215876

21688 Sobieck the Slicer (level 13, -2/78 HPs)
             Began as a Kobold Earth Elementalist on Aug 31, 2022.
             Was a Priest of Wu Jian.
             Killed by divine providence
             ... invoked by a meliai
              (15 damage)
             ... in a Gauntlet.
             The game lasted 00:32:23 (13925 turns).

Sobieck the Slicer (Kobold Earth Elementalist)     Turns: 13925, Time: 00:32:23

Health: -2/78      AC: 20    Str:  5    XL:     13   Next: 21%
Magic:  31/31      EV: 17    Int: 29    God:    Wu Jian [***...]
Gold:   550        SH:  0    Dex: 28    Spells: 7/24 levels left

rFire   . . .      SeeInvis .   a - +12 pair of quick blades "Gyre" and "Gimble" {protect, shortrare=g}
rCold   + + +      Faith    .   (shield currently unavailable)
rNeg    . . .      Spirit   .   i - +0 troll leather armour
rPois   .          Reflect  .   I - +1 helmet of Pefot {Dex+2}
rElec   +          Harm     .   A - +1 cloak
rCorr   .          Rampage  .   y - +1 pair of gloves
Will    .....      NoTele   +   x - +2 pair of boots
Stlth   ++++++....              f - amulet of the acrobat
HPRegen 1.03/turn               U - ring of Asceticism {rC+++ MP+9 Int+4 Dex+4}
MPRegen 0.22/turn               q - ring of Nuamasic {rElec Int+4 Dex+6}

@: mighty, under a protective aura
A: small, no large weapons, nightstalker 3
a: Renounce Religion, Wall Jump, Serpent's Lash


You were in a Gauntlet.
You worshipped Wu Jian.
Wu Jian was most pleased with you.
You visited 3 branches of the dungeon, and saw 14 of its levels.
You also visited: Gauntlet.

You collected 1945 gold pieces.
You spent 1395 gold pieces at shops.


Innate Abilities, Weirdness & Mutations

You are small and have problems with some larger weapons.
You are completely attuned to the shadows.


   Skills:
 + Level 7.6 Fighting
 - Level 12.0 Short Blades
 + Level 4.1 Dodging
 + Level 11.6 Stealth
 - Level 6.0 Spellcasting
 + Level 10.8 Conjurations
 * Level 5.9 Summonings
 - Level 5.0 Transmutations
 - Level 10.0 Earth Magic


You had 7 spell levels left.
You knew the following spells:

 Your Spells              Type           Power      Damage    Failure   Level
a - Sandblast             Erth           100%       2d20      1%          1
b - Passwall              Tmut/Erth      42%        N/A       1%          2
c - Petrify               Tmut/Erth      51%        N/A       4%          4
d - Stone Arrow           Conj/Erth      100%       3d13      1%          3
e - Spellforged Servitor  Conj/Summ      27%        N/A       94%         7

Your spell library contained the following spells:

 Spells                   Type           Power      Damage    Failure   Level
 Summon Small Mammal      Summ           100%       N/A       1%          1
 Wereblood                Tmut           37%        N/A       1%          2
 Animate Armour           Summ/Erth      100%       N/A       3%          4
 Lee's Rapid Deconstruct  Erth           30%        3d17*     4%          5
 Mephitic Cloud           Conj/Pois/Air  29%        N/A       6%          3
 Summon Guardian Golem    Hex/Summ       26%        N/A       9%          3
 Apportation              Tloc           16%        N/A       10%         1
 Necrotise                Necr           32%        1d5       10%         1
 Fulminant Prism          Conj/Hex       20%        3d13      10%         4
 Iskenderun's Mystic Bla  Conj/Tloc      40%        2d9       10%         4
 Sublimation of Blood     Necr           8%         N/A       14%         2
 Confusing Touch          Hex            8%         N/A       28%         3
 Ozocubu's Armour         Ice            8%         N/A       28%         3
 Portal Projectile        Hex/Tloc       16%        N/A       28%         3
 Corpse Rot               Necr/Pois/Air  8%         N/A       67%         4
 Dispel Undead            Necr           8%         3d8       67%         4
 Passage of Golubria      Tloc           8%         N/A       67%         4
 Yara's Violent Unravell  Hex/Tmut       11%        3d6       67%         5
 Orb of Destruction       Conj           32%        9d10      67%         7
 Death Channel            Necr           4%         N/A       100%        6
 Enfeeble                 Hex            4%         N/A       100%        7
 Ozocubu's Refrigeration  Ice            4%         4d8       100%        7
 Summon Hydra             Summ           21%        N/A       100%        7
 Lehudib's Crystal Spear  Conj/Erth      31%        10d8      100%        8

Inventory:

Hand Weapons
 a - the +12 pair of quick blades "Gyre" and "Gimble" (weapon) {protect, shortrare=g}
   (You acquired it on level 8 of the Dungeon)

   It grants its wielder temporary protection when it strikes (+7 to AC).
 e - a +0 long sword of flaming {long}
   (You found it on level 4 of the Dungeon)
 j - a +0 dagger {short}
   (You took it off a goblin on level 1 of the Dungeon)
 w - a +0 short sword of freezing {short}
   (You took it off a kobold on level 7 of the Dungeon)
 V - a +0 rapier {short}
   (You took it off Eustachio on level 5 of the Dungeon)
Missiles
 k - a boomerang {throwing}
 o - 38 stones {throwing}
 p - 10 poisoned darts {throwing}
 s - 4 atropa-tipped darts {throwing}
Armour
 h - a +0 helmet
   (You found it on level 9 of the Dungeon)
 i - a +0 troll leather armour (worn)
   (You found it on level 11 of the Dungeon)
 x - a +2 pair of boots (worn)
   (You found it on level 2 of the Dungeon)
 y - a +1 pair of gloves (worn)
   (You found it on level 3 of the Dungeon)
 A - a +1 cloak (worn)
   (You found it on level 3 of the Dungeon)
 I - the +1 helmet of Pefot (worn) {Dex+2}
   (You found it in a Gauntlet)

   Dex:       It affects your dexterity (+2).
 K - a +0 chain mail
   (You found it on level 4 of the Dungeon)
 L - a +0 leather armour
   (You took it off an orc on level 4 of the Dungeon)
 T - a +0 leather armour
   (You took it off Eustachio on level 5 of the Dungeon)
 W - a +0 ring mail
   (You took it off an orc on level 5 of the Dungeon)
 X - a +0 ring mail
   (You found it on level 5 of the Dungeon)
 Z - a +0 robe
   (You took it off a wight on level 6 of the Dungeon)
Jewellery
 f - an amulet of the acrobat (around neck)
   (You bought it in a shop on level 12 of the Dungeon)
 q - the ring of Nuamasic (right hand) {rElec Int+4 Dex+6}
   (You found it on level 4 of the Dungeon)

   [ring of dexterity]

   Int:       It affects your intelligence (+4).
   Dex:       It affects your dexterity (+6).
   rElec:     It insulates you from electricity.
 t - an amulet of regeneration {@e2}
   (You found it in a Gauntlet)
 C - a ring of resist corrosion
   (You found it on level 3 of the Dungeon)
 F - a +6 ring of intelligence
   (You found it on level 3 of the Dungeon)
 S - a ring of protection from cold
   (You found it on level 5 of the Dungeon)
 U - the ring of Asceticism (left hand) {rC+++ MP+9 Int+4 Dex+4}
   (You bought it in a shop on level 7 of the Dungeon)

   [ring of magical power]

   Int:       It affects your intelligence (+4).
   Dex:       It affects your dexterity (+4).
   rC:        It renders you almost immune to cold.
   MP:        It affects your magic capacity (+9).
 Y - a ring of ice
   (You found it on level 5 of the Dungeon)
Wands
 r - a wand of mindburst (11)
   (You found it on level 9 of the Dungeon)
 E - a wand of paralysis (13)
   (You found it on level 3 of the Dungeon)
 N - a wand of digging (8)
   (You found it on level 4 of the Dungeon)
 O - a wand of flame (12)
   (You found it on level 5 of the Dungeon)
 Q - a wand of light (3)
   (You found it on level 10 of the Dungeon)
Scrolls
 g - a scroll of magic mapping {!r}
 l - 2 scrolls of butterflies
 n - a scroll of fear
 D - a scroll of torment {!r}
 J - a scroll of poison {!r}
 M - 11 scrolls of teleportation {@r4}
 P - 5 scrolls of identify {@r1}
Potions
 b - 2 potions of magic
 c - a potion of lignification {!q}
 d - a potion of resistance
 m - 2 potions of attraction {!q}
 v - 2 potions of flight
 z - 2 potions of mutation {!q}
 B - a potion of brilliance
 G - 3 potions of curing {@q1}
 R - 2 potions of cancellation

Dungeon Overview and Level Annotations

Branches:
Dungeon (12/15) Zot: 26219  Temple (1/1) D:6 Zot: 5991    Lair (1/5) D:10 Zot: 5731
    Orc (0/2) D:9         Gauntlet (1/1) Zot: 5657

Altars:
Cheibriados
Dithmenos
Elyvilon
Kikubaaqudgha
Nemelex Xobeh
Qazlal
Ru
Sif Muna
Uskayaw
Vehumet
Wu Jian
Xom
Zin

Shops:
D:5 *   D:7 =   D:12 ?=

Annotations:
D:5 2 transporters, turdburglar's ghost, novice MiFi
D:6 exclusion: 3 lemures, Pikel
D:7 2 transporters
D:10 2 transporters Gauntlet 7 transporters, 15 runed translucent doors

..#..#Y..#.#...#...#...2....h#
..#..###########...###########
©.#≈.............≈............
..#∩............≈8≈...........
©.#≈.............§............
..#..###########...###########
..#..#y#^.#....#...#...+..+..#
8.#..#..#..#...#...#...+..+..#
..#..##..#..#@.#####[.##++#++#
8.#..#.#..#.)#y#...#).+...+..#
.§#..#©.#^.#©.##©.©#©.+...#.©#
8§#..#.#..#).#.#...#..+...+††#
###..##..#..#..#####.[##++#††#
#..#!P#..#...#...#...'..'..#
###..#)#^.#....#.8.#...'..'..#
#8#..###########...###########
###...........................


You could see a meliai.


Message History

The Council accepts your kill.
There is a large open translucent door, spattered with blood here.
You see here a torpor snail corpse.
Unknown command.
There is a large open translucent door here.
There is a large open translucent door here.
Your pack is full.
You see here the +1 helmet of Pefot {Dex+2}.
Unknown command.
You drop a +0 ring mail.
I - the +1 helmet of Pefot {Dex+2}
There is a transporter here.
You see here a +0 arbalest {crossbow}.
There is a transporter here.
You start removing your armour.
You continue taking off your +0 helmet. x4
You finish taking off your +0 helmet.
You start putting on your armour.
You continue putting on the +1 helmet of Pefot {Dex+2}. x5
You finish putting on the +1 helmet of Pefot {Dex+2}.
You feel agile.
Unknown command.
You enter the transporter and appear at another place.
Unknown command.
You start resting.
There is a transporter here.
Unknown command.
Unknown command.
Unknown command.
Unknown command.
You enter the transporter and appear at another place.
Danger!
You spin and attack the meliai repeatedly.
The meliai buzzes angrily. x2
You puncture the meliai!
Your weapon exudes an aura of protection.
You closely miss the meliai. You puncture the meliai! x2
You kill the meliai!
The Council accepts your kill. The meliai hits you but does no damage.
The meliai stings you but does no damage.
Unknown command.
You spin and attack the meliai repeatedly.
You hit the meliai. x2; You hit the meliai but do no damage.
You hit the meliai. You puncture the meliai! You hit the meliai.
The meliai completely misses you. The meliai closely misses you.
The meliai hits you with a +0 war axe. The meliai stings you.
The meliai hits you but does no damage.
The meliai stings you but does no damage.
The meliai misses you. The meliai stings you.
You are poisoned.
The meliai poisons you!
There is a transporter landing site here.
You spin and attack the meliai repeatedly.
You barely miss the meliai. You hit the meliai. You barely miss the meliai.
You hit the meliai. You hit the meliai but do no damage. x3
You completely miss the meliai.
You feel very sick.
The meliai mumbles some strange prayers to its god against you.
Something smites you! The meliai barely misses you.
The meliai stings you but does no damage.
The meliai misses you. The meliai stings you.
Unknown command.
The meliai attacks as you move away! The meliai closely misses you.
The meliai completely misses you.
You feel very sick.
The meliai invokes the aid of its god against you.
Something smites you!
* * * LOW HITPOINT WARNING * * *
The meliai misses you. The meliai stings you.
* * * LOW HITPOINT WARNING * * *
Unknown command.
You hit the meliai. You puncture the meliai!
You feel sick. The meliai closely misses you. The meliai stings you.
* * * LOW HITPOINT WARNING * * *
You are more poisoned.
The meliai poisons you!
You closely miss the meliai. You puncture the meliai!
You kill the meliai!
The Council accepts your kill.
You feel sick.
You feel much better.
You feel very sick.
The meliai mumbles some strange prayers to its god against you.
Something smites you!
* * * LOW HITPOINT WARNING * * *
You feel very mighty all of a sudden.
You feel very sick. The meliai completely misses you.
The meliai closely misses you.
Danger!
You feel better. The meliai hits you but does no damage. The meliai stings you.
* * * LOW HITPOINT WARNING * * *
The meliai mumbles some strange prayers to its god against you.
Something smites you!
* * * LOW HITPOINT WARNING * * *
You barely miss the meliai. You closely miss the meliai.
The meliai closely misses you.
The meliai stings you but does no damage.
You miss the meliai. You closely miss the meliai.
The meliai invokes the aid of its god against you.
Something smites you!
You die...

Skill      XL: |  1  2  3  4  5  6  7  8  9 10 11 12 13 |
---------------+----------------------------------------+-----
Stealth        | 3 4 9 10 11 | 11.6
Short Blades   | 1 2 8 10 11 12 | 12.0
Earth Magic    | 4 9 10 | 10.0
Fighting       | 5 6 7 |  7.6
Spellcasting   | 5 6 |  6.0
Transmutations | 4 5 |  5.0
Conjurations   | 1 5 9 10 | 10.8
Summonings     | 5 |  5.9
Dodging        | 3 4 |  4.1

Action                   |  1- 3 |  4- 6 |  7- 9 | 10-12 | 13-15 || total
-------------------------+-------+-------+-------+-------+-------++-------
Melee: Dagger            |     4 |       |       |       |       ||     4
       Punch             |     1 |       |       |     2 |       ||     3
       Short sword       |    10 |    51 |    56 |    54 |       ||   171
       Pair of quick bla |       |       |       |   332 |    45 ||   377
 Cast: Sandblast         |    33 |    35 |    77 |    90 |       ||   235
       Passwall          |       |     1 |     1 |     9 |       ||    11
       Petrify           |       |       |       |    13 |       ||    13
Invok: Lunge             |       |       |       |    50 |     1 ||    51
       Whirlwind         |       |       |       |    84 |    11 ||    95
  Use: Scroll            |       |     2 |    16 |    10 |       ||    28
       Potion            |       |     2 |     1 |     1 |     4 ||     8
 Stab: Sleeping          |     2 |    12 |     7 |    35 |       ||    56
       Petrifying        |       |       |       |     6 |       ||     6
       Petrified         |       |       |       |     3 |       ||     3
       Distracted        |       |       |       |     3 |       ||     3
Armor: Robe              |     1 |     9 |    16 |    51 |       ||    77
       Troll leather arm |       |       |       |    13 |    10 ||    23
Dodge: Dodged            |    21 |    42 |    52 |   137 |    13 ||   265

Levels and vault maps discovered:
D:1:      lemuel_arrival_room, layout_loops_corners, minmay_misc_feat_room,
          chequers_serial_rivers_small_b, chequers_avenue
D:2:      layout_loops_cross, st_stairs_1, kennysheep_crisscross,
          serial_bayou_pond_c
D:3:      minmay_chambers_of_threes, layout_basic, amcnicky_altar_gilded,
          kennysheep_orc_sif_temple
D:4:      layout_basic
D:5:      layout_basic, gammafunk_ghost_arena, nicolae_shop_clearance,
          uniq_eustachio
D:6:      layout_rooms, lemuel_coloured_pillars_altar,
          minmay_temple_entry_trees, st_stairs_13,
          chequers_serial_rivers_room_b, uniq_pikel, uniq_menkaure
D:7:      cheibrodos_fzero, layout_loops_ring, mainiacjoe_overflow_alcove_2,
          gammafunk_ghost_wrathful_warriors, nicolae_shop_unique_rings
D:8:      layout_basic, mainiacjoe_overflow_24_doors,
          grunt_temple_overflow_diamond
D:9:      layout_roguey [special_room_orc], orc_david_3
D:10:     gammafunk_jiyva_shrine, layout_gridville, minmay_lair_entry_grove
D:11:     layout_small_grid, nicolae_sextant, tgw_xom
D:12:     minmay_polygon_palace, layout_loops_cross, serial_shops,
          nicolae_shop_hallway_plus, kennysheep_mini_moat,
          nicolae_shop_hallway_stairs
Temple:   zaba_magenta_temple
Lair:1:   layout_loops_ring, gauntlet_entry_generic, serial_bayou_shore_b,
          grunt_megastairs_1
Gauntlet: gammafunk_gauntlet_hard_choice [gammafunk_gauntlet_arena_open,
          gammafunk_gauntlet_arena_hedges,
          minmay_gauntlet_arena_make_your_own_arena,
          gammafunk_gauntlet_arena_corners,
          gammafunk_gauntlet_arena_arrow_garden,
          gammafunk_gauntlet_arena_chambers, gauntlet_exit_watery]

Notes
Turn   | Place    | Note
-------+----------+-------------------------------------------
     0 | D:1      | Sobieck the Kobold Earth Elementalist began the quest for
                  | the Orb.
     0 | D:1      | Reached XP level 1. HP: 10/10 MP: 3/3
   155 | D:1      | Reached skill level 3 in Stealth
   156 | D:1      | Reached XP level 2. HP: 15/15 MP: 0/5
   315 | D:1      | Learned a level 2 spell: Passwall
   560 | D:1      | Reached XP level 3. HP: 19/19 MP: 4/6
   600 | D:1      | You pick up a book of Cantrips and begin reading...
   600 | D:1      | You add the spells Necrotise, Summon Small Mammal and
                  | Apportation to your library.
   611 | D:1      | Reached skill level 1 in Short Blades
   885 | D:1      | You fall into a shaft and drop 1 floor!
  1576 | D:2      | Reached XP level 4. HP: 12/24 MP: 4/7
  1582 | D:2      | HP: 6/24 [gnoll/+0 flail (7)]
  1589 | D:1      | Reached skill level 4 in Earth Magic
  2155 | D:2      | Reached skill level 2 in Short Blades
  2155 | D:2      | Reached skill level 4 in Stealth
  2710 | D:3      | Reached XP level 5. HP: 28/28 MP: 6/8
  3336 | D:3      | Identified a potion of experience
  3337 | D:3      | Reached skill level 8 in Short Blades
  3337 | D:3      | Reached skill level 9 in Stealth
  3337 | D:3      | Reached skill level 9 in Earth Magic
  3337 | D:3      | Reached XP level 6. HP: 32/32 MP: 9/9
  3415 | D:3      | Found a shimmering blue altar of Sif Muna.
  3598 | D:3      | Found a snail-covered altar of Cheibriados.
  3645 | D:3      | You pick up a book of Misfortune and begin reading...
  3645 | D:3      | You add the spells Confusing Touch, Yara's Violent
                  | Unravelling and Enfeeble to your library.
  3905 | D:4      | Reached XP level 7. HP: 27/36 MP: 8/10
  3989 | D:4      | Learned a level 4 spell: Petrify
  3992 | D:4      | Identified a scroll of acquirement
  3992 | D:4      | Acquired 1004 gold pieces
  4258 | D:4      | You add the spells Ozocubu's Armour and Ozocubu's
                  | Refrigeration to your library.
  4281 | D:4      | You pick up a book of Geomancy and begin reading...
  4355 | D:4      | Identified the ring of Nuamasic {rElec Int+4 Dex+6}
  4588 | D:4      | Reached skill level 5 in Fighting
  4588 | D:4      | Reached skill level 10 in Short Blades
  4588 | D:4      | Reached skill level 5 in Spellcasting
  4588 | D:4      | Reached skill level 4 in Transmutations
  4588 | D:4      | Reached XP level 8. HP: 49/49 MP: 10/16
  4694 | D:4      | Reached skill level 5 in Transmutations
  4871 | D:5      | Entered Level 5 of the Dungeon
  4914 | D:5      | Found a transporter.
  4918 | D:5      | Noticed turdburglar's ghost (novice MiFi)
  4921 | D:5      | You add the spells Mephitic Cloud, Portal Projectile,
                  | Corpse Rot and Passage of Golubria to your library.
  4921 | D:5      | Got the Handbook of the Non-Euclidean Assassin
  4924 | D:5      | Found a transporter.
  4938 | D:5      | Found Qaihelae's CLEARANCE SALE!.
  5113 | D:5      | Noticed Eustachio
  5118 | D:5      | Killed Eustachio
  5119 | D:5      | Reached skill level 10 in Stealth
  5269 | D:5      | Reached skill level 10 in Earth Magic
  5269 | D:5      | Reached XP level 9. HP: 54/54 MP: 14/17
  5961 | D:6      | You pick up a book of Dangerous Friends and begin
                  | reading...
  5961 | D:6      | You add the spells Summon Guardian Golem, Orb of
                  | Destruction and Spellforged Servitor to your library.
  6073 | D:6      | You pick up a book of Armaments and begin reading...
  6073 | D:6      | You add the spells Animate Armour and Lehudib's Crystal
                  | Spear to your library.
  6131 | D:6      | Reached skill level 11 in Short Blades
  6218 | D:6      | Noticed Pikel
  6414 | D:6      | Found an ancient bone altar of Kikubaaqudgha.
  6442 | D:6      | Reached skill level 6 in Fighting
  6459 | D:6      | Reached skill level 6 in Spellcasting
  6540 | D:6      | Learned a level 3 spell: Stone Arrow
  6552 | D:6      | Noticed Menkaure
  6639 | D:6      | Killed Menkaure
  6640 | D:6      | Reached skill level 1 in Conjurations
  6640 | D:6      | Reached XP level 10. HP: 60/60 MP: 15/19
  6667 | D:6      | Found a staircase to the Ecumenical Temple.
  6682 | Temple   | Entered the Ecumenical Temple
  6686 | Temple   | Became a worshipper of the Wu Jian Council
  6987 | D:7      | Found Okhucw's One-of-a-Kind Rings.
  7170 | D:6      | Reached skill level 2 in Conjurations
  7482 | D:7      | Found a transporter.
  7487 | D:7      | Noticed a moth of wrath
  7598 | D:7      | Found a shadowy altar of Dithmenos.
  7638 | D:7      | Found a transporter.
  7662 | D:7      | Reached * piety under Wu Jian
  7780 | D:7      | Reached skill level 12 in Short Blades
  7780 | D:7      | Reached skill level 3 in Conjurations
  7786 | D:7      | Noticed a deep elf pyromancer
  7788 | D:7      | Killed a deep elf pyromancer
  7844 | D:7      | Reached skill level 4 in Conjurations
  8252 | D:7      | You pick up a book of Blood and begin reading...
  8252 | D:7      | You add the spells Sublimation of Blood, Wereblood and
                  | Summon Hydra to your library.
  8313 | D:7      | You pick up a book of Blasting and begin reading...
  8313 | D:7      | You add the spells Fulminant Prism, Iskenderun's Mystic
                  | Blast and Lee's Rapid Deconstruction to your library.
  8563 | D:7      | Reached skill level 5 in Conjurations
  8654 | D:8      | Reached XP level 11. HP: 64/64 MP: 14/20
  8719 | D:8      | Found a hide-covered altar of Uskayaw.
  8737 | D:8      | Acquired the +12 pair of quick blades "Gyre" and "Gimble"
                  | {protect}
  8737 | D:8      | Found the +12 pair of quick blades "Gyre" and "Gimble"
                  | {protect, shortrare=g}
  8739 | D:8      | a - the +12 pair of quick blades "Gyre" and "Gimble"
                  | {protect, shortrare=g}
  8740 | D:8      | the +12 pair of quick blades "Gyre" and "Gimble" {protect,
                  | shortrare=g} hums with potential!
  8740 | D:8      | a - the +12 pair of quick blades "Gyre" and "Gimble"
                  | (weapon) {protect, shortrare=g}
  8963 | D:8      | You pick up a book of Decay and begin reading...
  8963 | D:8      | You add the spells Dispel Undead and Death Channel to your
                  | library.
  9160 | D:8      | Reached skill level 6 in Conjurations
  9186 | D:8      | Found a white marble altar of Elyvilon.
  9189 | D:8      | Found a sparkling altar of Nemelex Xobeh.
  9192 | D:8      | Found a radiant altar of Vehumet.
  9579 | D:9      | Found a staircase to the Orcish Mines.
  9789 | D:9      | Reached ** piety under Wu Jian
 10215 | D:9      | Reached skill level 7 in Conjurations
 10536 | D:10     | Entered Level 10 of the Dungeon
 10576 | D:10     | Found a staircase to the Lair.
 10584 | D:10     | Reached skill level 8 in Conjurations
 10596 | D:10     | Reached skill level 9 in Conjurations
 10752 | D:10     | Reached *** piety under Wu Jian
 10870 | D:10     | Reached XP level 12. HP: 70/70 MP: 21/21
 11011 | D:10     | Noticed a glowing orange brain
 11249 | D:10     | Reached skill level 10 in Conjurations
 11257 | D:10     | Learned a level 7 spell: Spellforged Servitor
 11569 | D:10     | Reached skill level 1 in Summonings
 11571 | D:10     | Found a transporter.
 11576 | D:10     | Found a transporter.
 11664 | D:11     | You pick up a book of Geomancy and begin reading...
 11872 | D:11     | Reached skill level 2 in Summonings
 11965 | D:11     | Found a shimmering altar of Xom.
 12032 | D:11     | Noticed a boulder beetle
 12039 | D:11     | Killed a boulder beetle
 12083 | D:11     | Noticed a two-headed ogre
 12089 | D:11     | Killed a two-headed ogre
 12090 | D:11     | Reached skill level 3 in Summonings
 12515 | D:12     | Found Ixzeusa's Magic Scroll Shop.
 12604 | D:12     | Reached skill level 4 in Summonings
 12617 | D:12     | Noticed a boulder beetle
 12623 | D:12     | Killed a boulder beetle
 12659 | D:12     | Found Paegu's Jewellery Emporium.
 12854 | D:7      | Bought the ring of Asceticism {rC+++ MP+9 Int+4 Dex+4} for
                  | 945 gold pieces
 13088 | D:12     | Bought an amulet of the acrobat for 450 gold pieces
 13177 | D:12     | Noticed a skeletal warrior
 13179 | D:12     | Noticed a skeletal warrior
 13180 | D:12     | Noticed a skeletal warrior
 13230 | D:12     | Reached skill level 7 in Fighting
 13230 | D:12     | Reached skill level 11 in Stealth
 13296 | Lair:1   | Entered Level 1 of the Lair of Beasts
 13501 | Lair:1   | Reached skill level 3 in Dodging
 13561 | Lair:1   | Found a gate leading to a gauntlet.
 13571 | Gauntlet | Entered a Gauntlet
 13583 | Gauntlet | Found a transporter.
 13583 | Gauntlet | Found a transporter.
 13585 | Gauntlet | Found a large runed translucent door.
 13588 | Gauntlet | Found a large runed translucent door.
 13589 | Gauntlet | Noticed a death yak
 13590 | Gauntlet | Noticed a death yak
 13591 | Gauntlet | Noticed a death yak
 13596 | Gauntlet | Found a large runed translucent door.
 13596 | Gauntlet | Noticed a death yak
 13597 | Gauntlet | Noticed a death yak
 13598 | Gauntlet | Found a runed translucent gate.
 13599 | Gauntlet | Found a transporter.
 13599 | Gauntlet | Found a transporter.
 13599 | Gauntlet | Found a runed translucent gate.
 13603 | Gauntlet | Noticed a dire elephant
 13614 | Gauntlet | Found a transporter.
 13640 | Gauntlet | Found a large runed translucent door.
 13640 | Gauntlet | Found a large runed translucent door.
 13641 | Gauntlet | Found a large runed translucent door.
 13642 | Gauntlet | Found a large runed translucent door.
 13643 | Gauntlet | Found a large runed translucent door.
 13643 | Gauntlet | Found a large runed translucent door.
 13644 | Gauntlet | Found a large runed translucent door.
 13645 | Gauntlet | Found a large runed translucent door.
 13666 | Gauntlet | Found a transporter.
 13680 | Gauntlet | Found a transporter.
 13731 | Gauntlet | Found a transporter.
 13753 | Gauntlet | Found a transporter.
 13753 | Gauntlet | Found a transporter.
 13759 | Gauntlet | Noticed a hell beast
 13767 | Gauntlet | Found a large runed translucent door.
 13768 | Gauntlet | Found a large runed translucent door.
 13768 | Gauntlet | Found a large runed translucent door.
 13768 | Gauntlet | Found a large runed translucent door.
 13768 | Gauntlet | Found a large runed translucent door.
 13790 | Gauntlet | Found a transporter.
 13792 | Gauntlet | Reached skill level 5 in Summonings
 13802 | Gauntlet | Found a transporter.
 13811 | Gauntlet | Found a runed translucent door.
 13811 | Gauntlet | Found a runed translucent door.
 13817 | Gauntlet | Found a runed translucent gate.
 13845 | Gauntlet | Killed a death yak
 13850 | Gauntlet | Reached XP level 13. HP: 46/76 MP: 22/22
 13855 | Gauntlet | Reached skill level 4 in Dodging
 13870 | Gauntlet | Identified the +1 helmet of Pefot {Dex+2}
 13922 | Gauntlet | HP: 19/78 [poisoned by a meliai]
 13925 | Gauntlet | Killed from afar by a meliai

Vanquished Creatures
  2 boulder beetles
  5 death yaks (Gauntlet)
  A two-headed ogre (D:11)
  A deep elf pyromancer (D:7)
  A manticore (D:11)
  A torpor snail (Gauntlet)
  2 gargoyles (D:12)
  A komodo dragon (Lair:1)
  2 kobold demonologists
  5 trolls
  2 meliai (Gauntlet)
  7 slime creatures
  2 wraiths
  2 wyverns (D:10)
  Eustachio (D:5)
  2 vampires
  26 yaks
  2 steam dragons (D:7)
  A basilisk (D:10)
  Menkaure (D:6)
  A vampire mosquito (D:7)
  2 acid dragons
  9 water moccasins
  3 orc warriors
  4 sky beasts (D:7)
  3 ice beasts
  2 black bears
  3 ogres
  9 centaurs
  3 phantoms
  A kobold brigand (D:7)
  4 bullfrogs
  A scorpion (D:6)
  9 wights
  4 killer bees (D:10)
  2 howler monkeys
  5 orc priests
  8 hounds
  5 jellies
  3 gnoll boudas
  4 iguanas
  6 orc wizards
  8 adders
  18 gnolls
  6 shadow imps
  A white imp (D:6)
  2 ufetubi
  4 dart slugs
  72 orcs
  5 bats
  7 endoplasms
  3 giant cockroaches
  9 goblins
  4 hobgoblins
  5 jackals
  3 quokkas
  2 ball pythons (D:1)
  4 frilled lizards
  13 kobolds
  7 rats
331 creatures vanquished.

Vanquished Creatures (others)
  19 demonic plants (Gauntlet)
  7 fungi
  21 plants
47 creatures vanquished.

Grand Total: 378 creatures vanquished

Table legend:
 A = Non-vault XP
 B = Vault XP
 C = Vault XP percentage of total XP
 D = Non-vault monster count
 E = Vault monster count
 F = Vault count percentage of total count
                 A         B        C        D         E       F
            +---------+---------+-------+---------+---------+-------
      Total |   18699 |   11485 |  38.0 |     235 |      96 |  29.0
            +---------+---------+-------+---------+---------+-------
        D:1 |      60 |       0 |   0.0 |      24 |       0 |   0.0
        D:2 |      58 |       4 |   6.5 |      14 |       2 |  12.5
        D:3 |      48 |      94 |  66.2 |      14 |      13 |  48.1
        D:4 |     214 |       0 |   0.0 |      13 |       0 |   0.0
        D:5 |    1012 |     208 |  17.0 |      23 |       1 |   4.2
        D:6 |    1292 |     250 |  16.2 |      38 |       2 |   5.0
        D:7 |    1611 |    2062 |  56.1 |      29 |      16 |  35.6
        D:8 |     925 |       0 |   0.0 |      23 |       0 |   0.0
        D:9 |     835 |     512 |  38.0 |       5 |      33 |  86.8
       D:10 |    4129 |    2366 |  36.4 |      26 |      13 |  33.3
       D:11 |    3545 |      42 |   1.2 |       8 |       3 |  27.3
       D:12 |    3014 |       0 |   0.0 |       8 |       0 |   0.0
     Lair:1 |    1956 |       0 |   0.0 |      10 |       0 |   0.0
   Gauntlet |       0 |    5947 | 100.0 |       0 |      13 | 100.0
            +---------+---------+-------+---------+---------+-------

Illustrated notes

Table legend:
 A = Kills in this place as a percentage of kills in entire the game.
 B = Kills by you in this place as a percentage of kills by you in the entire game.
 C = Kills by friends in this place as a percentage of kills by friends in the entire game.
 D = Other kills in this place as a percentage of other kills in the entire game.
 E = Experience gained in this place as a percentage of experience gained in the entire game.
 F = Experience gained in this place divided by the number of levels of this place that you have seen.
                   A       B       C       D       E      F
               +-------+-------+-------+-------+-------+----------------------
         Total | 100.0 | 100.0 |   N/A |   N/A | 100.0 | 2012.3
       Dungeon |  93.1 |  93.1 |   N/A |   N/A |  73.8 | 1856.8
          Lair |   3.0 |   3.0 |   N/A |   N/A |   6.5 | 1956.0
      Gauntlet |   3.9 |   3.9 |   N/A |   N/A |  19.7 | 5947.0
               +-------+-------+-------+-------+-------+----------------------

Table legend: (Time is in decaauts)
 A = Elapsed time spent in this place.
 B = Non-inter-level travel time spent in this place.
 C = Inter-level travel time spent in this place.
 D = Time resting spent in this place.
 E = Time spent auto-exploring this place.
 F = Levels seen in this place.
 G = Mean time per level.
                   A        B        C        D        E       F      G
               +--------+--------+--------+--------+--------+-----+--------+
         Total |  13940 |  13154 |    786 |   1232 |  10141 |  15 |  929.3 |
       Dungeon |  13321 |  12539 |    782 |   1210 |   9731 |  12 | 1110.1 |
        Temple |      8 |      4 |      4 |      0 |      0 |   1 |    8.0 |
          Lair |    268 |    268 |      0 |      0 |    228 |   1 |  268.0 |
      Gauntlet |    342 |    342 |      0 |     22 |    182 |   1 |  342.0 |
               +--------+--------+--------+--------+--------+-----+--------+

Top non-repeatable levels by time:
     D:1: 1700 daAuts
     D:7: 1666 daAuts
     D:3: 1336 daAuts
    D:10: 1208 daAuts
     D:6: 1130 daAuts
     D:5: 1061 daAuts
     D:9: 1046 daAuts
     D:8: 1024 daAuts
     D:4: 973 daAuts
    D:11: 934 daAuts
     D:2: 882 daAuts
    D:12: 355 daAuts
Gauntlet: 342 daAuts
  Lair:1: 268 daAuts
  Temple: 8 daAuts
